 Dungeon Crawl Stone Soup version 0.20-a0-303-g575bbf7 (webtiles) character file.

9116 gamerape the Covert (level 11, -2/121 HPs)
             Began as a Vampire Assassin on Dec 11, 2016.
             Was a Priest of Kikubaaqudgha.
             Slain by a four-headed hydra (10 damage)
             ... on level 1 of the Lair of Beasts on Dec 16, 2016.
             The game lasted 01:02:57 (12158 turns).

gamerape the Covert (Vampire Assassin)             Turns: 12158, Time: 01:02:58

Health: -2/121     AC: 10    Str: 18    XL:     11   Next: 18%
Magic:  4/13       EV: 18    Int: 14    God:    Kikubaaqudgha [***...]
Gold:   545        SH:  0    Dex: 19    Spells: 6/13 levels left

rFire  . . .     SeeInvis +     R - +2 rapier (venom)
rCold  . . .     Gourm    .     r - +2 robe {MR+}
rNeg   + . .     Faith    .     (no shield)
rPois  .         Spirit   .     C - +0 helmet
rElec  .         Reflect  .     w - +2 cloak
rCorr  .         Harm     .     i - +1 pair of gloves
MR     +++..                    (no boots)
Stlth  ..........               (no amulet)
                                M - +3 ring of strength
                                n - ring of protection from magic

@: berserking, very quick
A: fangs 3, see invisible, unbreathing
a: Bat Form, Receive Corpses, Renounce Religion


You were on level 1 of the Lair of Beasts.
You worshipped Kikubaaqudgha.
Kikubaaqudgha was most pleased with you.
You were not thirsty.

You visited 2 branches of the dungeon, and saw 10 of its levels.

You collected 545 gold pieces.

Inventory:

Hand Weapons
 a - a +2 dagger of freezing
 b - a +0 blowgun
 I - the +5 quarterstaff "Lint" {crush, +Inv rElec rF- rN++}
   (You found it on level 5 of the Dungeon)

   It inflicts extra damage upon your enemies.
   It makes you vulnerable to fire.
   It insulates you from electricity.
   It greatly protects you from negative energy.
   It lets you turn invisible.
 J - the +3 mace of the Twelve Lies {antimagic, *Rage rC+ Dex+8}
   (You found it on level 5 of the Dungeon)

   It reduces the magical energy of the wielder, and disrupts the spells and
   magical abilities of those hit.
   Natural abilities and divine invocations are not affected.
   It affects your dexterity (+8).
   It protects you from cold.
   It may make you go berserk in combat.
 R - a +2 rapier of venom (weapon)
Missiles
 e - 40 poisoned needles
 f - 2 curare-tipped needles
Armour
 d - a +1 robe of resistance
 i - a +1 pair of gloves (worn)
 r - a +2 robe of magic resistance (worn)
 w - a +2 cloak (worn)
 C - a +0 helmet (worn)
 K - a +0 shield
Jewellery
 n - a ring of protection from magic (left hand)
 s - an uncursed ring of resist corrosion
 M - a +3 ring of strength (right hand)
Wands
 k - a wand of teleportation (5/9)
 F - a wand of flame (39/48)
 O - a wand of digging (11/24)
Scrolls
 c - a scroll of fog
 j - 2 scrolls of identify
 m - 2 scrolls of remove curse
 p - 4 scrolls of recharging
 t - 2 scrolls of magic mapping
 v - a scroll of enchant weapon
 z - 2 scrolls of immolation {unknown}
 A - 2 scrolls of enchant armour {unknown}
 B - 2 scrolls of blinking {unknown}
 G - 4 scrolls of amnesia {unknown}
 N - 4 scrolls of teleportation {unknown}
Potions
 g - 10 potions of blood
 h - a potion of flight
 l - 2 potions of might
 o - 2 potions of heal wounds
 q - 2 potions of resistance
 u - 2 potions of curing
 x - 2 potions of agility {unknown}
 D - 3 potions of berserk rage
 E - 2 potions of lignification {unknown}
 Q - a potion of invisibility {unknown}
Books
 H - Kikubaaqudgha's Catalogue of Sinister Arts
   (Kikubaaqudgha gifted it to you on level 4 of the Dungeon)

   Spells                             Type                      Level
   a - Pain                           Necromancy                   1
   b - Corpse Rot                     Necromancy                   2
   c - Sublimation of Blood           Necromancy                   2
   d - Vampiric Draining              Necromancy                   3
   e - Control Undead                 Necromancy                   4
 L - a book of Minor Magic

   Spells                             Type                      Level
   a - Magic Dart                     Conjuration                  1
   b - Blink                          Translocation                2
   c - Call Imp                       Summoning                    2
   d - Repel Missiles                 Charms/Air                   2
   e - Slow                           Hexes                        2
   f - Conjure Flame                  Conjuration/Fire             3
   g - Mephitic Cloud                 Conjuration/Poison/Air       3
 P - Kikubaaqudgha's Disquisition on Black Rituals
   (Kikubaaqudgha gifted it to you on level 7 of the Dungeon)

   Spells                             Type                      Level
   a - Animate Dead                   Necromancy                   4
   b - Excruciating Wounds            Charms/Necromancy            5
   c - Cigotuvi's Embrace             Necromancy                   5
   d - Dispel Undead                  Necromancy                   5
   e - Death Channel                  Necromancy                   6


   Skills:
 + Level 6.2 Fighting
 * Level 10.9 Short Blades
 - Level 1.0 Maces & Flails
 - Level 1.7 Throwing
 + Level 7.7 Dodging
 + Level 12.0 Stealth
 + Level 1.5 Spellcasting
 * Level 8.6 Necromancy


You had 6 spell levels left.
You knew the following spells:

 Your Spells              Type           Power        Failure   Level  Hunger
a - Vampiric Draining     Necr           ####......   1%          3    ####...
b - Control Undead        Necr           ####......   10%         4    #####..


Dungeon Overview and Level Annotations

Branches:
Dungeon (8/15)             Temple (0/1) D:6            Lair (2/6) D:8
  Swamp: Lair:2-4    Shoals: Lair:2-4     Snake: Lair:2-4    Spider: Lair:2-4

Altars:
Ashenzari
Cheibriados
Elyvilon
Gozag
Hepliaklqana
Kikubaaqudgha
Ru
Sif Muna
Xom

Shops:
D:7 [


Innate Abilities, Weirdness & Mutations

You have razor-sharp teeth.
You have supernaturally acute eyesight. (SInv)
You can survive without breathing.


Message History

* * * LOW HITPOINT WARNING * * *
The four-headed hydra misses you. The four-headed hydra bites you.
* * * LOW HITPOINT WARNING * * *
You puncture the four-headed hydra!
The four-headed hydra is poisoned.
The four-headed hydra is moderately wounded.
You barely miss the four-headed hydra.
The four-headed hydra is moderately wounded.
You hit the four-headed hydra.
The four-headed hydra is moderately wounded.
The four-headed hydra misses you.
The four-headed hydra bites you but does no damage.
The four-headed hydra misses you. The four-headed hydra bites you!
* * * LOW HITPOINT WARNING * * *
You puncture the four-headed hydra!
The four-headed hydra is heavily wounded.
You barely miss the four-headed hydra.
The four-headed hydra is heavily wounded.
The four-headed hydra bites you!
You die...
Kikubaaqudgha rasps: "You have failed me!
Welcome... oblivion!"

#....# ##...## #...## #...# #...#
#...## #...# #....# #...## #.>.##
#....# ##.#.# #####...######
###...###
........###(.############.....+..
...............D@.....##.........
###.###..########.#####...8......
### #..# ### ### #.........#..
#..# #.## ###.......####. #..##
##.####...8....#####. #...#
##.8.##............#. #..##
#.....#.............. #..#
#8.8..'.8.>.8..8...#. #..#
#.....#(...........+.


You could see a four-headed hydra.

Vanquished Creatures
  Erica (D:8)
  Maurice (D:8)
  4 spiny frogs
  3 komodo dragons (Lair:1)
  A polar bear (Lair:1)
  A two-headed ogre (D:8)
  A blink frog (Lair:1)
  4 hippogriffs
  4 wyverns
  Grum (D:8)
  A hungry ghost (D:8)
  Edmund (D:4)
  3 water moccasins
  A swamp drake (D:8)
  A porcupine (Lair:1)
  A black bear (D:7)
  5 ogres
  4 wolves (D:8)
  2 phantoms
  2 centaurs (D:7)
  3 crocodiles
  3 bullfrogs
  A gnoll sergeant (Lair:1)
  3 scorpions
  3 wights (D:8)
  A howler monkey (D:6)
  4 crimson imps
  5 hounds
  3 orc priests
  Crazy Yiuf (D:5)
  A centaur skeleton (D:7)
  A gnoll shaman (D:7)
  7 jellies
  4 orc wizards
  3 iguanas
  5 worker ants
  3 hound zombies
  The ghost of dscm the Ducker, a weakling FeMo (D:3)
  A howler monkey zombie (D:7)
  18 gnolls
  6 adders
  A shadow imp (D:7)
  2 oozes
  2 adder skeletons
  2 worms
  2 dart slugs (D:1)
  5 leopard geckos
  35 orcs
  9 bats
  3 giant cockroaches
  15 goblins
  6 hobgoblins
  6 quokkas
  A ball python (D:8)
  4 frilled lizards
  A giant cockroach zombie (D:5)
  8 kobolds
  9 rats
230 creatures vanquished.

Vanquished Creatures (others)
  A quokka (D:4)
  A plant (Lair:1)
2 creatures vanquished.

Grand Total: 232 creatures vanquished

Notes
Turn   | Place    | Note
-------+----------+-------------------------------------------
     0 | D:1      | gamerape the Vampire Assassin began the quest for the Orb.
     0 | D:1      | Reached XP level 1. HP: 16/16 MP: 1/1
    22 | D:1      | Reached skill level 6 in Stealth
    93 | D:1      | Reached XP level 2. HP: 22/22 MP: 2/2
   560 | D:1      | Reached XP level 3. HP: 27/27 MP: 3/3
  1093 | D:2      | Found an opulent altar of Gozag.
  1120 | D:2      | Found a sacrificial altar of Ru.
  1269 | D:3      | Reached skill level 7 in Stealth
  1347 | D:3      | Reached XP level 4. HP: 33/33 MP: 4/4
  1401 | D:3      | Found a deep blue altar of Sif Muna.
  1517 | D:3      | Noticed dscm's ghost (weakling FeMo)
  1542 | D:3      | Killed dscm's ghost
  2028 | D:3      | Found an ancient bone altar of Kikubaaqudgha.
  2051 | D:3      | Became a worshipper of Kikubaaqudgha
  2168 | D:3      | Reached XP level 5. HP: 38/38 MP: 5/5
  2495 | D:4      | Found a shattered altar of Ashenzari.
  2544 | D:4      | Noticed an ogre
  2547 | D:4      | Killed an ogre
  2547 | D:4      | Reached XP level 6. HP: 39/46 MP: 6/6
  2841 | D:4      | Found a hazy altar of Hepliaklqana.
  2926 | D:4      | Reached * piety under Kikubaaqudgha
  2926 | D:4      | Identified Kikubaaqudgha's Catalogue of Sinister Arts (Kikubaaqudgha gifted it to you on level 4 of the Dungeon)
  2926 | D:4      | Received a gift from Kikubaaqudgha
  2926 | D:4      | Reached skill level 5 in Short Blades
  2957 | D:4      | Learned a level 3 spell: Vampiric Draining
  3204 | D:5      | Entered Level 5 of the Dungeon
  3210 | D:5      | Reached skill level 8 in Stealth
  3223 | D:5      | Noticed Edmund
  3289 | D:4      | Killed Edmund
  3289 | D:4      | Reached XP level 7. HP: 33/52 MP: 7/7
  3359 | D:5      | Got a steaming quarterstaff
  3360 | D:5      | Identified the +5 quarterstaff "Lint" {crush, +Inv rElec rF- rN++} (You found it on level 5 of the Dungeon)
  3435 | D:5      | Got an ancient mace
  3438 | D:5      | Identified the cursed +3 mace of the Twelve Lies {antimagic, *Rage rC+ Dex+8} (You found it on level 5 of the Dungeon)
  3455 | D:5      | Reached skill level 1 in Necromancy
  3917 | D:5      | Found a snail-covered altar of Cheibriados.
  4059 | D:5      | Found a runed door.
  4063 | D:5      | Noticed Crazy Yiuf
  4072 | D:5      | Killed Crazy Yiuf
  4252 | D:6      | Reached ** piety under Kikubaaqudgha
  4252 | D:6      | Reached XP level 8. HP: 53/58 MP: 8/8
  4662 | D:6      | Reached skill level 1 in Maces & Flails
  4716 | D:6      | Found a white marble altar of Elyvilon.
  4797 | D:6      | Found a staircase to the Ecumenical Temple.
  4822 | D:6      | Reached skill level 9 in Stealth
  5032 | D:7      | Noticed a hippogriff
  5040 | D:7      | Killed a hippogriff
  5040 | D:7      | Reached skill level 5 in Dodging
  5289 | D:7      | Reached *** piety under Kikubaaqudgha
  5289 | D:7      | Identified Kikubaaqudgha's Disquisition on Black Rituals (Kikubaaqudgha gifted it to you on level 7 of the Dungeon)
  5289 | D:7      | Received a gift from Kikubaaqudgha
  5416 | D:7      | Noticed a hippogriff
  5668 | D:7      | Reached XP level 9. HP: 32/65 MP: 9/9
  6102 | D:7      | Found Xycoarat's Armour Shoppe.
  6379 | D:7      | Reached skill level 10 in Stealth
  6932 | D:8      | Noticed Grum
  7191 | D:8      | Reached skill level 5 in Necromancy
  7260 | D:8      | Noticed Maurice
  7297 | D:8      | Killed Maurice
  7350 | D:8      | Noticed Erica
  7367 | D:8      | Killed Erica
  7367 | D:8      | Reached skill level 5 in Fighting
  7367 | D:8      | Reached XP level 10. HP: 68/74 MP: 10/10
  7480 | D:8      | Learned a level 4 spell: Control Undead
  7584 | D:8      | Reached skill level 11 in Stealth
  8188 | D:8      | Killed Grum
  8350 | D:8      | Reached skill level 10 in Short Blades
  8531 | D:8      | Found a shimmering altar of Xom.
  8817 | D:8      | Reached **** piety under Kikubaaqudgha
  9002 | D:8      | Found a staircase to the Lair.
  9008 | Lair:1   | Entered Level 1 of the Lair of Beasts
  9273 | Lair:1   | Noticed a spiny frog
  9280 | Lair:1   | Killed a spiny frog
  9442 | Lair:1   | Noticed a spiny frog
  9494 | Lair:1   | Killed a spiny frog
  9951 | Lair:1   | Upgraded the game from 0.20-a0-277-g7db01f4 to 0.20-a0-303-g575bbf7
 10074 | Lair:1   | Noticed a spiny frog
 10174 | D:8      | Killed a spiny frog
 10666 | Lair:1   | Noticed a spiny frog
 10696 | Lair:1   | HP: 3/76 [spiny frog (15)]
 10698 | Lair:1   | Killed a spiny frog
 10698 | Lair:1   | Reached XP level 11. HP: 25/81 MP: 7/12
 11057 | Lair:1   | Noticed a six-headed hydra
 11320 | Lair:1   | Reached skill level 1 in Spellcasting
 11422 | Lair:1   | Reached skill level 12 in Stealth
 12011 | Lair:1   | Noticed a four-headed hydra
 12035 | Lair:1   | HP: 1/81 [four-headed hydra (11)]
 12158 | Lair:1   | Slain by a four-headed hydra

Vault maps used:
D:1:      minmay_arrival_four_houses, minmay_pentomino_p2
D:2:      overflow_temple_1_default, first_bread, nicolae_ru_path_of_blood
D:3:      lemuel_doored_altar, led_sif_pool
D:4:      grunt_temple_overflow_open, lemuel_flame_loot_1
D:5:      kennysheep_little_box, uniq_edmund, uniq_crazy_yiuf_cottage
D:6:      basic_altar, minmay_ogre_servants
D:7:      serial_shops, shop
D:8:      lemuel_coloured_pillars_altar, erik_lair_dragon, uniq_grum,
          uniq_erica, uniq_maurice
Lair:1:   grunt_megastairs_3
Lair:2:   beast_lair_carwin_large_1, minmay_swamp_entry_reptiles

Skill      XL: |  1  2  3  4  5  6  7  8  9 10 11 |
---------------+----------------------------------+-----
Stealth        | 6 7 8 9 10 11 12 | 12.0
Fighting       | 2 3 4 5 6 |  6.2
Short Blades   | 3 4 5 6 8 9 10 | 10.9
Dodging        | 2 3 4 5 6 7 |  7.7
Necromancy     | 1 3 6 8 |  8.6
Maces & Flails | 1 |  1.0
Spellcasting   | 1 |  1.5
Throwing       | |  1.7

Action                   |  1- 3 |  4- 6 |  7- 9 | 10-12 || total
-------------------------+-------+-------+-------+-------++-------
Melee: Dagger            |    90 |   197 |   480 |   102 ||   869
       Bite              |    11 |    21 |    79 |    35 ||   146
       Mace              |       |       |    10 |    34 ||    44
       Rapier            |       |       |    32 |   159 ||   191
 Fire: Blowgun           |     3 |    21 |    48 |     6 ||    78
 Cast: Vampiric Draining |       |       |     3 |     5 ||     8
Invok: Receive Corpses   |       |       |       |     1 ||     1
 Abil: End Transformatio |       |     1 |     2 |     3 ||     6
       Bat Form          |       |     1 |     2 |     3 ||     6
  Use: Potion            |       |     6 |    10 |    18 ||    34
       Scroll            |       |       |     3 |    12 ||    15
 Stab: Sleeping          |    12 |    11 |    10 |     8 ||    41
       Distracted        |     1 |       |     2 |     1 ||     4
Armor: Robe              |    25 |    43 |    66 |    56 ||   190
Dodge: Dodged            |    57 |   122 |   246 |   224 ||   649
